 Dungeon Crawl Stone Soup version 0.20.1-1-g8b1a95d (webtiles) character file.

10717 VladsEpitaph the Blocker (level 11, -6/94 HPs)
             Began as a Minotaur Berserker on Oct 24, 2017.
             Was a High Priest of Trog.
             Mangled by a two-headed ogre
             ... wielding a +0 giant club
              (10 damage)
             ... on level 2 of the Orcish Mines.
             The game lasted 00:53:18 (9129 turns).

VladsEpitaph the Blocker (Minotaur Berserker)       Turns: 9129, Time: 00:53:18

Health: -6/94      AC: 17    Str: 25    XL:     11   Next: 39%
Magic:  10/10      EV:  8    Int:  4    God:    Trog [*****.]
Gold:   743        SH: 17    Dex: 10    Spells: 10/10 levels left

rFire    + + .     SeeInvis +   Q - +5 mace (protect)
rCold    + . .     Gourm    .   u - +1 shield
rNeg     . . .     Faith    .   D - +1 plate armour
rPois    .         Spirit   .   (helmet restricted)
rElec    .         Reflect  +   n - scarf {rC+ rF+}
rCorr    .         Harm     .   N - +0 pair of gloves
MR       .....                  (no boots)
Stlth    ..........             E - +3 amulet of reflection
Regen    0.3/turn               H - ring of see invisible
MPRegen  0.2/turn               U - ring of protection from fire

@: berserk cooldown, slowed, very slow
A: retaliatory headbutt, horns 2
a: Berserk, Trog's Hand, Brothers in Arms, Burn Spellbooks, Renounce Religion


You were on level 2 of the Orcish Mines.
You worshipped Trog.
Trog was extremely pleased with you.
You were full.

You visited 2 branches of the dungeon, and saw 12 of its levels.

You collected 743 gold pieces.

Inventory:

Hand Weapons
 a - a +0 mace
 f - a +0 falchion of protection
 F - a +2 trident of flaming
 G - a +5 flail of draining
 J - a +2 scythe of protection
 M - a +1 flail of holy wrath
 P - a +2 mace of crushing
 Q - a +5 mace of protection (weapon)
 R - a +1 hand axe of chopping
Armour
 b - a +0 animal skin
 m - a +0 leather armour
 n - a scarf of resistance (worn)
 t - a +0 chain mail
 u - a +1 shield (worn)
 y - a +0 troll leather armour
 D - a +1 plate armour (worn)
 N - a +0 pair of gloves (worn)
 W - a +0 plate armour
Magical Staves
 L - an uncursed staff of cold {unknown}
Jewellery
 q - an uncursed amulet of guardian spirit {unknown}
 x - an uncursed ring of protection from fire
 E - a +3 amulet of reflection (around neck)
 H - a ring of see invisible (left hand)
 T - an uncursed ring of fire
 U - a ring of protection from fire (right hand)
Wands
 C - a wand of polymorph (15/24)
 I - a wand of flame (48/48)
 V - a wand of polymorph (3/24)
Scrolls
 g - 2 scrolls of recharging
 l - a scroll of blinking
 o - 2 scrolls of fog
 p - 2 scrolls of teleportation
 r - 4 scrolls of identify
 w - a scroll of noise
Potions
 d - 3 potions of curing {unknown}
 e - 2 potions of flight {unknown}
 h - a potion of degeneration {unknown}
 j - 4 potions of heal wounds {unknown}
 k - 2 potions of cancellation {unknown}
 A - a potion of brilliance {unknown}
 B - 2 potions of lignification {unknown}
 S - 2 potions of haste {unknown}
Comestibles
 c - 12 bread rations
 i - 7 meat rations
 s - 14 fruits
 v - 2 royal jellies
 z - a chunk of flesh


   Skills:
 + Level 8.2 Fighting
 + Level 9.7 Long Blades
 - Level 5.0 Maces & Flails
 + Level 10.0 Armour
 - Level 2.6 Dodging
 - Level 0.6 Stealth
 * Level 13.8 Shields


You had 10 spell levels left.
You didn't know any spells.

Dungeon Overview and Level Annotations

Branches:
Dungeon (10/15)            Temple (0/1) D:5             Orc (2/2) D:10
   Lair: D:8-11         Elf: Orc:2

Altars:
Ashenzari
Dithmenos
Elyvilon
Gozag
Okawaru
Ru
Vehumet
Xom
The Shining One

Shops:
D:6 [   D:10 *


Innate Abilities, Weirdness & Mutations

You reflexively headbutt those who attack you in melee.
You have a pair of horns on your head.


Message History

The ogre shouts!
You headbutt the two-headed ogre!!
The two-headed ogre is moderately wounded.
You thump the two-headed ogre! You headbutt the two-headed ogre!
The two-headed ogre is severely wounded.
You block the two-headed ogre's attack. x2
You thump the two-headed ogre!
The two-headed ogre is almost dead.
The two-headed ogre hits you but does no damage.
The two-headed ogre hits you with a giant club!
* * * LOW HITPOINT WARNING * * *
An ogre and a two-headed ogre come into view.
You block the two-headed ogre's attack. x2
You feel a strong urge to attack something.
You feel your anger subside.
You are no longer berserk.
You are exhausted.
You feel yourself slow down.
You block the two-headed ogre's attack. x2
The two-headed ogre hits you with a giant club!
You die...

##.......##.......#
###.....#.......).
##..........##..
##.........##... . #........##
##.. ...######### ##.#......
.... .........O.######..#......
.#...
.......).OOO##.##.....#.........
..###..###.OOO.@....#.##.. ....#
#..O ##..OO....#### ##...##
#O..O #...#.......# #O...
#..####....... #O..OO #..#
##...... #...OO #..# ......
#..... #..# #..... #..# .....


You could see 4 two-headed ogres and 4 ogres.

Vanquished Creatures
  4 two-headed ogres
  Erica (Orc:1)
  An unseen horror (D:10)
  An orc sorcerer (Orc:2)
  The ghost of Jazqa the Fighter, a novice MiBe of Trog (D:6)
  A centaur zombie (D:10)
  A tengu conjurer (D:10)
  A troll (D:10)
  Grinder (D:3)
  Prince Ribbit (D:8)
  Sigmund (D:6)
  A wyvern (D:9)
  3 hungry ghosts
  Edmund (D:6)
  4 orc warriors
  An ice beast (D:10)
  A black bear (D:8)
  A necrophage (D:6)
  5 ogres
  4 centaurs
  Blork the orc (D:6)
  A big kobold (D:4)
  7 bullfrogs
  3 scorpions
  The ghost of Jazqa the Skirmisher, a weakling MiFi of the Shining One (D:3)
  4 howler monkeys
  8 wights
  8 crimson imps
  A bullfrog zombie (D:5)
  2 jellies
  5 bullfrog skeletons
  3 hounds
  2 orc priests
  A gnoll shaman (D:4)
  A centaur skeleton (D:6)
  8 orc wizards
  Jessica (D:3)
  8 worker ants
  4 iguanas
  A worker ant zombie (D:10)
  10 adders
  4 gnolls (D:4)
  2 oozes
  An adder skeleton (D:4)
  2 worms (D:4)
  3 dart slugs
  2 leopard geckos
  41 orcs
  4 giant cockroaches
  4 hobgoblins
  10 jackals
  3 quokkas
  A bat (D:2)
  5 frilled lizards
  7 goblins
  3 kobolds (D:3)
  A quokka skeleton (D:7)
  4 rats
212 creatures vanquished.

Vanquished Creatures (others)
  2 centaurs
  An orc (D:10)
3 creatures vanquished.

Grand Total: 215 creatures vanquished

Notes
Turn   | Place    | Note
-------+----------+-------------------------------------------
     0 | D:1      | VladsEpitaph the Minotaur Berserker began the quest for the Orb.
     0 | D:1      | Reached XP level 1. HP: 19/19 MP: 0/0
   141 | D:1      | Reached XP level 2. HP: 27/27 MP: 1/1
   573 | D:2      | Reached XP level 3. HP: 33/33 MP: 2/2
   931 | D:2      | Found a glowing golden altar of the Shining One.
  1236 | D:2      | Reached skill level 5 in Maces & Flails
  1241 | D:3      | Reached ** piety under Trog
  1241 | D:3      | Reached XP level 4. HP: 34/41 MP: 3/3
  1368 | D:3      | Noticed Jazqa's ghost (weakling MiFi)
  1378 | D:3      | Killed Jazqa's ghost
  1378 | D:3      | Reached skill level 1 in Long Blades
  1504 | D:3      | Noticed Jessica
  1510 | D:3      | Killed Jessica
  1510 | D:3      | Reached XP level 5. HP: 45/47 MP: 4/4
  1705 | D:3      | Found an iron altar of Okawaru.
  1759 | D:3      | Noticed Grinder
  1759 | D:3      | Paralysed by Grinder for 3 turns
  1775 | D:3      | Killed Grinder
  1775 | D:3      | Reached skill level 5 in Fighting
  1775 | D:3      | Reached XP level 6. HP: 35/56 MP: 5/5
  2520 | D:4      | Reached skill level 5 in Armour
  2924 | D:4      | Reached XP level 7. HP: 61/61 MP: 6/6
  3132 | D:4      | Reached skill level 5 in Long Blades
  3290 | D:4      | Found a sacrificial altar of Ru.
  3758 | D:5      | Entered Level 5 of the Dungeon
  3770 | D:5      | Reached skill level 1 in Shields
  3793 | D:5      | Reached XP level 8. HP: 70/70 MP: 7/7
  3905 | D:5      | Found a staircase to the Ecumenical Temple.
  3945 | D:5      | Reached *** piety under Trog
  3983 | D:5      | Found a shimmering altar of Xom.
  4282 | D:6      | Noticed Edmund
  4283 | D:6      | Reached skill level 2 in Shields
  4306 | D:6      | Killed Edmund
  4315 | D:6      | Found Bujifik's Armour Shoppe.
  4316 | D:6      | Reached skill level 3 in Shields
  4356 | D:6      | Noticed Sigmund
  4371 | D:6      | Killed Sigmund
  4377 | D:6      | Reached skill level 4 in Shields
  4479 | D:6      | Reached XP level 9. HP: 51/78 MP: 8/8
  4493 | D:6      | Noticed Jazqa's ghost (novice MiBe)
  4516 | D:6      | Killed Jazqa's ghost
  4516 | D:6      | Reached skill level 5 in Shields
  4620 | D:6      | Noticed Blork the orc
  4634 | D:6      | Killed Blork the orc
  4682 | D:6      | Reached skill level 6 in Shields
  5281 | D:7      | Reached **** piety under Trog
  5281 | D:7      | Reached skill level 7 in Shields
  5770 | D:8      | Noticed Prince Ribbit
  5774 | D:8      | Noticed a two-headed ogre
  5782 | D:8      | Killed a two-headed ogre
  5782 | D:8      | Reached skill level 8 in Shields
  5782 | D:8      | Reached XP level 10. HP: 43/86 MP: 9/9
  5788 | D:8      | Killed Prince Ribbit
  5789 | D:8      | Reached skill level 9 in Shields
  6931 | D:9      | Found a white marble altar of Elyvilon.
  6938 | D:9      | Found an opulent altar of Gozag.
  6939 | D:9      | Found a shattered altar of Ashenzari.
  7000 | D:9      | Found a radiant altar of Vehumet.
  7186 | D:9      | Reached skill level 10 in Shields
  7266 | D:9      | Found a shadowy altar of Dithmenos.
  7318 | D:9      | Noticed a two-headed ogre
  7332 | D:9      | Killed a two-headed ogre
  7332 | D:9      | Reached skill level 11 in Shields
  7726 | D:10     | Entered Level 10 of the Dungeon
  7734 | D:10     | Found Kusamp's General Store.
  7970 | D:10     | Noticed a two-headed ogre
  7987 | D:10     | Killed a two-headed ogre
  7987 | D:10     | Reached skill level 12 in Shields
  8003 | D:10     | Reached ***** piety under Trog
  8378 | D:10     | Identified a scroll of acquirement
  8393 | D:10     | Found a staircase to the Orcish Mines.
  8435 | D:10     | Reached XP level 11. HP: 94/94 MP: 10/10
  8454 | D:10     | Noticed an unseen horror
  8491 | D:10     | Killed an unseen horror
  8729 | D:10     | Reached skill level 13 in Shields
  8934 | Orc:1    | Entered Level 1 of the Orcish Mines
  8934 | Orc:1    | Noticed Erica
  8948 | Orc:1    | Killed Erica
  8948 | Orc:1    | Reached skill level 10 in Armour
  9044 | Orc:2    | Entered Level 2 of the Orcish Mines
  9054 | Orc:2    | Noticed an orc sorcerer
  9057 | Orc:2    | Paralysed by an orc sorcerer for 4 turns
  9062 | Orc:2    | Killed an orc sorcerer
  9112 | Orc:2    | Noticed a two-headed ogre
  9112 | Orc:2    | Noticed a two-headed ogre
  9112 | Orc:2    | Noticed a two-headed ogre
  9112 | Orc:2    | Noticed a two-headed ogre
  9112 | Orc:2    | Noticed a two-headed ogre
  9113 | Orc:2    | Noticed a two-headed ogre
  9118 | Orc:2    | Killed a two-headed ogre
  9121 | Orc:2    | HP: 1/141 [two-headed ogre/giant club (10)]
  9122 | Orc:2    | Noticed a two-headed ogre
  9129 | Orc:2    | Mangled by a two-headed ogre

Skill      XL: |  1  2  3  4  5  6  7  8  9 10 11 |
---------------+----------------------------------+-----
Maces & Flails | 4 5 |  5.0
Fighting       | 4 5 6 7 8 |  8.2
Long Blades    | 1 3 4 6 8 9 |  9.7
Armour         | 3 4 5 6 8 9 10 | 10.0
Shields        | 1 4 8 12 13 | 13.8
Dodging        | |  2.6
Stealth        | |  0.6

Action                   |  1- 3 |  4- 6 |  7- 9 | 10-12 || total
-------------------------+-------+-------+-------+-------++-------
Melee: Mace              |    51 |       |    35 |   371 ||   457
       Headbutt          |     8 |    32 |    89 |    73 ||   202
       Falchion          |       |    90 |   340 |       ||   430
Invok: Berserk           |       |     1 |     1 |     3 ||     5
       Burn Spellbooks   |       |       |     1 |     2 ||     3
  Use: Scroll            |       |       |     3 |    18 ||    21
  Eat: Chunk             |     1 |     3 |     5 |    14 ||    23
       Meat ration       |       |     1 |     1 |     2 ||     4
       Bread ration      |       |       |     1 |       ||     1
       Fruit             |       |       |       |     1 ||     1
Armor: Animal skin       |     2 |       |       |       ||     2
       Leather armour    |    13 |     2 |       |       ||    15
       Chain mail        |       |    45 |   152 |       ||   197
       Plate armour      |       |       |    39 |   180 ||   219
Dodge: Dodged            |    41 |    39 |   112 |    89 ||   281
Block: Shield            |       |       |   162 |   382 ||   544
       Reflection        |       |       |     8 |     5 ||    13
       Rpst.: Falchion   |       |    10 |    21 |       ||    31
